 Dungeon Crawl Stone Soup version 0.31.0-12-g77e489cdc1 (webtiles) character file.

Game seed: 10258457593054411481

148 PriceMaster the Gusty (level 5, 0/32 HPs)
             Began as an Octopode Air Elementalist on Feb 28, 2024.
             Succumbed to an adder's poison
             ... on level 4 of the Dungeon.
             The game lasted 00:03:58 (2690 turns).

PriceMaster the Gusty (Octopode Air Elementalist)   Turns: 2690, Time: 00:03:58

Health: 0/32       AC:  1    Str:  7    XL:     5   Next: 30%
Magic:  7/10       EV: 13    Int: 19    God:
Gold:   80         SH:  0    Dex: 13    Spells: 6/10 levels left

rFire   . . .        l - +1 dagger (vamp)
rCold   . . .        d - orb {*channel}
rNeg    . . .        (helmet restricted)
rPois   .            (no amulet)
rElec   +            (no ring)
rCorr   .            (no ring)
SInv    .            (no ring)
Will    .....        (no ring)
Stlth   +++          (no ring)
HPRegen 0.25/turn    (no ring)
MPRegen 0.12/turn    (no ring)
                     (no ring)

%: channel magic (20%)
@: mighty, lethally poisoned (0 -> -5), swift (expiring), very quick
A: almost no armour, amphibious, 8 rings, camouflage 1, gelatinous body 1,
(nimble swimmer 1), tentacles, tentacle spike 1, electricity resistance
a: no special abilities


You were on level 4 of the Dungeon.
You visited 1 branch of the dungeon, and saw 4 of its levels.

You collected 192 gold pieces.
You spent 112 gold pieces at shops.

Inventory:

Hand Weapons
 j - a +0 short sword
 l - a +1 vampiric dagger (weapon)
Missiles
 k - 5 silver javelins
Armour
 d - an orb of energy (worn)
Talismans
 n - a storm talisman
Scrolls
 b - 3 scrolls of identify
 c - 2 scrolls of poison
 g - 3 scrolls of noise {unknown}
 h - 3 scrolls of enchant armour {unknown}
 m - a scroll of teleportation {unknown}
 o - a scroll of fear {unknown}
 p - a scroll of enchant weapon {unknown}
Potions
 a - a potion of magic
 e - a potion of might
 f - 2 potions of berserk rage {unknown}
 i - a potion of enlightenment {unknown}


   Skills:
 + Level 0.4 Fighting
 + Level 0.1 Short Blades
 + Level 2.3 Dodging
 + Level 3.3 Stealth
 + Level 0.2 Unarmed Combat
 + Level 3.4 Spellcasting
 + Level 2.0 Conjurations
 + Level 3.9 Air Magic


You had 6 spell levels left.
You knew the following spells:

 Your Spells              Type           Power      Damage    Failure   Level
a - Shock                 Conj/Air       56%        1d6       13%         1
b - Swiftness             Air            18%        N/A       22%         3

Your spell library contained the following spells:

 Spells                   Type           Power      Damage    Failure   Level
 Static Discharge         Conj/Air       28%        3-5/arc   17%         2
 Airstrike                Air            9%         2d(2-18)  50%         4
 Frozen Ramparts          Ice            6%         1d1       63%         3
 Leda's Liquefaction      Alch/Erth      1%         N/A       93%         4
 Petrify                  Alch/Erth      3%         N/A       93%         4
 Metabolic Englaciation   Hex/Ice        1%         N/A       99%         5


Dungeon Overview and Level Annotations

Branches:
Dungeon (4/15)
 Temple: D:4-7

Altars:
Gozag

Shops:
D:1 *(?(   D:3 !(=


Innate Abilities, Weirdness & Mutations

You cannot wear most types of armour.
You are amphibious.
You can wear up to eight rings at the same time.
Your skin changes colour to match your surroundings (Stealth+).
Your rubbery body absorbs attacks. (AC +1, EV +1)
((You are camouflaged when in or above water. (Stealth+)))
You have tentacles for arms and can constrict up to eight enemies at once.
One of your tentacles bears a spike.
You are resistant to electric shocks. (rElec)


Message History

You hit the adder.
You feel better.
You pierce the adder.
You kill the adder!
You start to feel a little slower.
You feel sick.
The adder bites you. x2; The iguana bites you!
* * * LOW HITPOINT WARNING * * *
Your Conjurations skill increases to level 2!
You are too injured to fight recklessly!
You feel sick. The adder bites you.
* * * LOW HITPOINT WARNING * * *
The adder bites you.
* * * LOW HITPOINT WARNING * * *
You feel sick.
You feel sick.
The iguana hisses menacingly.
You feel sick.
You are no longer poisoned.
The adder attacks as it pursues you! The adder closely misses you.
Okay, then.
Casting: Swiftness (quite dangerous; 22% risk of failure)
Confirm with . or Enter, or press ? or * to list all spells.
Aiming: Shock (safe; 13% risk of failure)
Press: ? - help, Shift-Dir - straight line, f - adder
Aim: an adder (53% to hit)
The zap hits the adder.
The adder is lightly wounded.
The zap hits the iguana.
The iguana is lightly wounded.
The adder bites you.
* * * LOW HITPOINT WARNING * * *
You are lethally poisoned!
The adder poisons you!
Casting: Shock (safe; 13% risk of failure)
Confirm with . or Enter, or press ? or * to list all spells.
Aiming: Shock (safe; 13% risk of failure)
Press: ? - help, Shift-Dir - straight line, f/p - adder
Aim: an adder (lightly wounded, 53% to hit)
Okay, then.
It was a potion of might.
You feel very mighty all of a sudden.
You die...

## ###. ..
....
.####..###
$.......
#.....# #
#..#..#
#.####..†..#
#..@Sl..<..#.#
######.......#
#####.### .# .
##


You could see an iguana and an adder.

Vanquished Creatures
  6 gnolls (D:3)
  4 adders
  A dart slug (D:1)
  A ribbon worm (D:3)
  A ball python (D:1)
  4 endoplasms
  5 giant cockroaches
  5 goblins
  A hobgoblin (D:2)
  3 jackals (D:1)
  6 kobolds
  2 quokkas
  3 bats
  A frilled lizard (D:3)
  7 rats
50 creatures vanquished.

Notes
Turn   | Place    | Note
-------+----------+-------------------------------------------
     0 | D:1      | PriceMaster the Octopode Air Elementalist began the quest
                  | for the Orb.
     0 | D:1      | Reached XP level 1. HP: 11/11 MP: 3/3
   119 | D:1      | Found Xicsaclilaf's Weapon Emporium.
   236 | D:1      | Reached XP level 2. HP: 17/17 MP: 0/5
   671 | D:1      | Found Patz's Magic Scroll Boutique.
   679 | D:1      | Found a faded altar of an unknown god.
   872 | D:1      | Found Koeriys's Assorted Antiques.
   998 | D:1      | Reached XP level 3. HP: 21/21 MP: 2/6
  1112 | D:1      | Found Diokkedi's Antique Weapon Shoppe.
  1897 | D:2      | Identified the +0 ring mail of the Turtledove {rElec}
  1975 | D:3      | Found Yrinedubb's Jewellery Shoppe.
  2092 | D:3      | Reached XP level 4. HP: 27/27 MP: 1/7
  2136 | D:3      | Reached XP level 5. HP: 9/32 MP: 0/9
  2234 | D:3      | Found an opulent altar of Gozag.
  2357 | D:3      | Found Zizin's Distillery.
  2362 | D:3      | Bought a potion of mutation for 112 gold pieces
  2362 | D:3      | Gained mutation: You are resistant to electric shocks.
                  | (rElec) [potion of mutation]
  2362 | D:3      | Gained mutation: One of your tentacles bears a spike.
                  | [potion of mutation]
  2382 | D:3      | Found Viacus's Antique Weapon Shoppe.
  2510 | D:3      | Learned a level 3 spell: Swiftness
  2690 | D:4      | Succumbed to an adder's poison

Illustrated notes

Levels and vault maps discovered:
D:1:      orjb1_clovarrival, layout_loops_corners, basic_ecumenical_altar,
          serial_shops, nicolae_shop_tiny_real_fake_doors, shop,
          nicolae_shop_tiny_glass, nicolae_shop_just_a_little_nook,
          chequers_garden, minmay_misc_feat_ornament, glass_columns_a
D:2:      layout_rooms
D:3:      layout_rooms, nicolae_gozag_seed_capital, serial_shops,
          nicolae_shop_just_a_little_nook, shop, nicolae_shop_crystal,
          grunt_decor_mini_mirrors
D:4:      layout_basic, minmay_misc_feat_five, hellmonk_no_cap

Skill      XL: |  1  2  3  4  5 |
---------------+----------------+-----
Stealth        | 3 |  3.3
Spellcasting   | 3 |  3.4
Conjurations   | 2 |  2.0
Fighting       | |  0.4
Short Blades   | |  0.1
Dodging        | |  2.3
Unarmed Combat | |  0.2
Air Magic      | |  3.9

Action                     |  1- 3 |  4- 6 || total
---------------------------+-------+-------++-------
  Melee: Unarmed           |    11 |       ||    11
         Tentacles         |     5 |     3 ||     8
         Constrict         |     4 |     9 ||    13
         Dagger            |     1 |    28 ||    29
         Punch             |       |     1 ||     1
         Kick              |       |     4 ||     4
   Cast: Shock             |    70 |    19 ||    89
         Swiftness         |       |     2 ||     2
    Use: Scroll            |     1 |       ||     1
         Potion            |       |     3 ||     3
   Stab: Sleeping          |       |     1 ||     1
 Armour: Skin              |    14 |    24 ||    38
  Dodge: Dodged            |    23 |    22 ||    45
